 Dungeon Crawl Stone Soup version 0.30.1-11-g7821555f0a (webtiles) character file.

Game seed: 2244386612510530227

926 hawla the Magician (level 7, -6/57 HPs)
             Began as a Deep Elf Fire Elementalist on Oct 25, 2023.
             Was a Believer of Wu Jian.
             Mangled by Prince Ribbit (8 damage)
             ... on level 5 of the Dungeon on Oct 27, 2023.
             The game lasted 00:11:12 (3605 turns).

hawla the Magician (Deep Elf Fire Elementalist)     Turns: 3605, Time: 00:11:12

Health: -6/57      AC: 23    Str:  5    XL:     7   Next: 85%
Magic:  7/19       EV:  2    Int: 22    God:    Wu Jian [**....]
Gold:   224        SH:  0    Dex: 15    Spells: 11/19 levels left

rFire   . . .        g - +0 quarterstaff
rCold   . . .        (shield currently unavailable)
rNeg    + . .        a - melded +1 robe
rPois   +            e - melded +0 helmet
rElec   +            (cloak currently unavailable)
rCorr   .            (gloves currently unavailable)
SInv    .            (boots currently unavailable)
Will    .....        n - amulet of Atafeungas {RegenMP rElec rN+}
Stlth   +++          c - ring of wizardry
HPRegen 0.29/turn    f - ring of wizardry
MPRegen 0.56/turn

%: wizardry (x2)
@: mighty, tree-form
A: stationary, stasis, torment immunity, boosted hp
a: Renounce Religion, Wall Jump


You were on level 5 of the Dungeon.
You worshipped Wu Jian.
Wu Jian was pleased with you.
You were a tree.
You visited 1 branch of the dungeon, and saw 5 of its levels.

You collected 322 gold pieces.
You spent 98 gold pieces at shops.

Inventory:

Hand Weapons
 g - a +0 quarterstaff (weapon)
Armour
 a - a +1 robe (melded)
 e - a +0 helmet (melded)
Jewellery
 c - a ring of wizardry (left branch)
 f - a ring of wizardry (right branch)
 n - the amulet of Atafeungas (around neck) {RegenMP rElec rN+}
   (You acquired it on level 4 of the Dungeon)

   [amulet of magic regeneration]

   It increases your rate of magic regeneration.
   rElec:     It insulates you from electricity.
   rN:        It protects you from negative energy.
Scrolls
 d - 2 scrolls of identify
 i - a scroll of fog
 j - a scroll of immolation
 k - a scroll of amnesia
 l - a scroll of acquirement
 o - a scroll of vulnerability
 p - a scroll of poison {unknown}
 q - a scroll of fear {unknown}
Potions
 b - a potion of magic
 h - 3 potions of invisibility


   Skills:
 + Level 1.2 Fighting
 + Level 3.0 Staves
 + Level 3.5 Dodging
 + Level 4.5 Stealth
 + Level 6.8 Spellcasting
 + Level 2.9 Conjurations
 + Level 0.3 Translocations
 + Level 6.1 Fire Magic


You had 11 spell levels left.
You knew the following spells:

 Your Spells              Type           Power      Damage    Failure   Level
a - Foxfire               Conj/Fire      100%       2x1d9     1%          1
b - Scorch                Fire           68%        2d7       1%          2
c - Flame Wave            Conj/Fire      27%        2d9       3%          4
d - Apportation           Tloc           18%        N/A       2%          1

Your spell library contained the following spells:

 Spells                   Type           Power      Damage    Failure   Level
 Inner Flame              Hex/Fire       20%        N/A       1%          3
 Volatile Blastmotes      Fire/Tloc      42%        2d13      1%          3
 Necrotise                Necr           28%        1d5       2%          1
 Summon Small Mammal      Summ           28%        N/A       2%          1


Dungeon Overview and Level Annotations

Branches:
Dungeon (5/15)
 Temple: D:4-7

Altars:
Wu Jian

Shops:
D:1 :   D:3 *

Annotations:
D:5 Prince Ribbit


Message History

Flames lash Edmund but do no damage.
Edmund hits you with a +1 flail of holy wrath!
Unknown command.
Casting: Scorch (safe; 1% risk of failure)
Confirm with . or Enter, or press ? or * to list all spells.
Flames lash Edmund.
Edmund is severely wounded.
Edmund hits you with a +1 flail of holy wrath.
Casting: Scorch (safe; 1% risk of failure)
Confirm with . or Enter, or press ? or * to list all spells.
The spell is quite dangerous to miscast (4% risk of failure)!
Continue anyway?
Casting: Flame Wave (quite dangerous; 4% risk of failure)
Press: ? - help, Dir - look around, f - activate A wave of flame ripples out!
The flame wave engulfs Edmund!!
Edmund is burned terribly!
You kill Edmund!
The Council accepts your kill. (Press . to intensify the flame waves.)
Your Fire Magic skill increases to level 6!
A wave of flame ripples out!
The flame wave engulfs Prince Ribbit!
Prince Ribbit is lightly wounded.
Prince Ribbit lets out a mournful croak.
A wave of flame ripples out!
The flame wave engulfs Prince Ribbit!
Prince Ribbit is moderately wounded.
You finish channelling waves of flame.
Prince Ribbit misses you.
Really quaff the potion of lignification?
You turn into a tree.
Your +0 helmet melds into your body.
Your +1 robe melds into your body.
Your roots penetrate the ground.
Prince Ribbit hits you!
* * * LOW HITPOINT WARNING * * *
Prince Ribbit hits you!
* * * LOW HITPOINT WARNING * * *
Unknown command.
It was a potion of might.
You feel very mighty all of a sudden.
Prince Ribbit hits you but does no damage.
You closely miss Prince Ribbit.
Prince Ribbit is moderately wounded.
Prince Ribbit completely misses you. Prince Ribbit hits you!
You die...

.............# #.#.
.........#...# #.#.
.........#...# #.#.
........#...###.#.
.................. .
#+##....##........
...####.##..............
..<...........##........
......F♣##.##.##........
...#######.##.##.......)
#.##.##........
#.##.##........
#.##.#######'## #.##.#
#.# #.##.# #.# #.# #.#
.#######.#


You could see Prince Ribbit.

Vanquished Creatures
  The ghost of lonewolfV2 the Ducker, an amateur DsFi (D:4)
  Edmund (D:5)
  A water moccasin (D:5)
  An ice beast (D:5)
  A centaur (D:4)
  An ogre (D:5)
  A scorpion (D:4)
  A sleepcap (D:5)
  Jessica (D:3)
  An iguana (D:5)
  An orc wizard (D:5)
  Robin (D:2)
  9 adders
  2 worms
  A dart slug (D:1)
  5 orcs
  6 endoplasms
  2 giant cockroaches
  15 goblins
  4 hobgoblins
  3 jackals (D:1)
  2 kobolds (D:1)
  5 quokkas
  11 ball pythons
  5 bats
  A frilled lizard (D:3)
  6 rats
89 creatures vanquished.

Vanquished Creatures (others)
  162 foxfires
162 creatures vanquished.

Grand Total: 251 creatures vanquished

Notes
Turn   | Place    | Note
-------+----------+-------------------------------------------
     0 | D:1      | hawla the Deep Elf Fire Elementalist began the quest for
                  | the Orb.
     0 | D:1      | Reached XP level 1. HP: 10/10 MP: 6/6
    96 | D:1      | Found Iphyudoi's Vocational Training.
   202 | D:1      | Reached XP level 2. HP: 6/15 MP: 5/8
   205 | D:1      | Learned a level 2 spell: Scorch
   845 | D:1      | Found a faded altar of an unknown god.
   848 | D:1      | Prayed at the altar of an unknown god.
   848 | D:1      | Became a worshipper of the Wu Jian Council
   848 | D:1      | Reached * piety under Wu Jian
   902 | D:2      | Noticed Robin
   907 | D:2      | Reached XP level 3. HP: 12/19 MP: 7/9
   950 | D:1      | Upgraded the game from 0.30.1-9-gdf580d7c3d to
                  | 0.30.1-11-g7821555f0a
   978 | D:2      | Killed Robin
  1259 | D:2      | Reached XP level 4. HP: 24/24 MP: 9/11
  1266 | D:2      | Learned a level 4 spell: Flame Wave
  1727 | D:3      | Found Jasiqis's General Store.
  1741 | D:3      | Bought a potion of lignification for 42 gold pieces
  1741 | D:3      | Bought a scroll of identify for 28 gold pieces
  1741 | D:3      | Bought a scroll of identify for 28 gold pieces
  1823 | D:3      | Reached ** piety under Wu Jian
  2158 | D:3      | Noticed Jessica
  2160 | D:3      | Killed Jessica
  2438 | D:4      | Identified 2 scrolls of acquirement
  2441 | D:4      | Acquired the amulet of Atafeungas {RegenMP rElec rN+}
  2479 | D:4      | Found a runed translucent door.
  2483 | D:4      | Noticed lonewolfV2's ghost (amateur DsFi)
  2569 | D:4      | Reached XP level 5. HP: 28/28 MP: 13/13
  2586 | D:4      | Killed lonewolfV2's ghost
  2587 | D:4      | Reached skill level 1 in Staves
  2587 | D:4      | Reached XP level 6. HP: 27/33 MP: 7/15
  2702 | D:4      | Reached skill level 1 in Fighting
  2818 | D:4      | Reached skill level 5 in Spellcasting
  2845 | D:4      | You fall into a shaft and drop 1 floor!
  2845 | D:5      | Entered Level 5 of the Dungeon
  2883 | D:5      | Reached skill level 5 in Fire Magic
  2885 | D:5      | Noticed a water moccasin
  2888 | D:5      | Killed a water moccasin
  2889 | D:5      | Reached XP level 7. HP: 12/38 MP: 6/17
  3427 | D:5      | Learned a level 1 spell: Apportation
  3483 | D:5      | Identified the +3 leather armour of the Vaults {+Blink Fly
                  | rCorr Dex+3}
  3590 | D:5      | Noticed Edmund
  3595 | D:5      | Noticed Prince Ribbit
  3600 | D:5      | Killed Edmund
  3603 | D:5      | HP: 1/57 [Prince Ribbit (10)]
  3605 | D:5      | Mangled by Prince Ribbit

Illustrated notes

Levels and vault maps discovered:
D:1:      mrwooster_arrival_statue_3, layout_rooms,
          shapermc_ecumenical_altar_hornbeckon, serial_forest,
          infiniplex_forest_clump_long, infiniplex_forest_end_double,
          infiniplex_forest_lined_4_way, infiniplex_forest_lined_corner,
          infiniplex_forest_clump_small, infiniplex_forest_lined_3_way,
          infiniplex_forest_lined_room_, nicolae_shop_vocational
D:2:      layout_basic, uniq_robin
D:3:      layout_loops_cross, serial_shops, shop, minmay_misc_feat_iff,
          uniq_jessica
D:4:      layout_layer_cave, hellmonk_ghost_happy_afterlife
D:5:      layout_basic, lemuel_flame_loot_1, uniq_edmund, uniq_prince_ribbit1

Skill      XL: |  1  2  3  4  5  6  7 |
---------------+----------------------+-----
Fire Magic     | 4 5 6 |  6.1
Spellcasting   | 4 5 6 |  6.8
Dodging        | 3 |  3.5
Stealth        | 3 4 |  4.5
Staves         | 1 2 3 |  3.0
Conjurations   | 2 |  2.9
Fighting       | 1 |  1.2
Translocations | |  0.3

Action                     |  1- 3 |  4- 6 |  7- 9 || total
---------------------------+-------+-------+-------++-------
  Melee: Unarmed           |     8 |       |       ||     8
         Punch             |     1 |       |       ||     1
         Quarterstaff      |     3 |    52 |     3 ||    58
   Cast: Foxfire           |    46 |    34 |    15 ||    95
         Scorch            |     5 |     8 |    13 ||    26
         Flame Wave        |       |     4 |     3 ||     7
         Apportation       |       |       |     6 ||     6
Ability: Lunge             |       |     4 |     1 ||     5
    Use: Scroll            |     3 |     8 |       ||    11
         Potion            |     1 |       |     2 ||     3
   Stab: Sleeping          |       |     5 |       ||     5
 Armour: Robe              |     8 |    14 |     3 ||    25
         Skin              |       |       |     1 ||     1
  Dodge: Dodged            |    34 |    44 |     4 ||    82
